 Dungeon Crawl Stone Soup version 0.30-a0-122-g2a1322497e (webtiles) character file.

Game seed: 211646718122511757

50570 AarnesTheHuman the Fighter (level 14, -7/96 HPs)
             Began as a Gargoyle Earth Elementalist on Sept 14, 2022.
             Was a High Priest of Vehumet.
             Collided with a rock wall (13 damage)
             ... caused by a wretched star
             ... on level 3 of the Abyss on Sept 15, 2022.
             The game lasted 01:36:14 (27083 turns).

AarnesTheHuman the Fighter (GrEE)                  Turns: 27083, Time: 01:36:15

Health: -7/96      AC: 23    Str:  8      XL:     14   Next: 55%
Magic:  13/13      EV: 10    Int: 17      God:    Vehumet [*****.]
Gold:   968        SH: 12    Dex:  4 (6)  Spells: 16/37 levels left

rFire   x x .      SeeInvis .    J - +0 dagger (antimagic)
rCold   x . .      Faith    .    N - +0 kite shield
rNeg    + . .      Spirit   .    z - +2 robe {Will+}
rPois   ∞          Reflect  +    w - +1 helmet
rElec   +          Harm     .    Y - +2 cloak {rC+}
rCorr   .          Rampage  .    j - +0 pair of gloves
Will    ++...                    g - +1 pair of boots {Stlth+}
Stlth   ++........               e - amulet of reflection
HPRegen 0.26/turn                I - ring of wizardry
MPRegen 0.13/turn                y - ring of magical power

@: about to teleport, flying, unable to read
A: sickness immunity, AC +10, big wings, negative energy resistance 1,
electricity resistance, torment resistance 1, petrification resistance, [clumsy
2], [deformed body], [deterioration 2], [dopey 2], [weak 2], [cold vulnerability
2], [heat vulnerability 2], [inability to read after injury 2]
a: Renounce Religion


You were on level 3 of the Abyss.
You worshipped Vehumet.
Vehumet was extremely pleased with you.
You visited 3 branches of the dungeon, and saw 17 of its levels.
You visited the Abyss 1 time.
You also visited: Ice Cave and Volcano.

You collected 968 gold pieces.

Inventory:

Hand Weapons
 a - a +2 hand axe of electrocution
 b - a +1 dagger of speed
 D - a +1 whip of electrocution
 G - a +1 dagger of holy wrath
 J - a +0 antimagic dagger (weapon)
Missiles
 h - 9 curare-tipped darts (quivered)
 A - 18 stones
 C - 28 poisoned darts
 O - a throwing net
Armour
 d - a +3 chain mail of cold resistance
 g - a +1 pair of boots of stealth (worn)
 j - a +0 pair of gloves (worn)
 m - an orb of mayhem
 w - a +1 helmet (worn)
 z - a +2 robe of willpower (worn)
 N - a +0 kite shield (worn)
 Y - a +2 cloak of cold resistance (worn)
Magical Staves
 r - a staff of fire
 V - a staff of cold
Jewellery
 e - an amulet of reflection (around neck)
 k - the ring "Xihirod" {rPois rC+ SInv Stlth-}
   (You found it in an ice cave)

   [ring of protection from cold]

   rC:        It protects you from cold.
   rPois:     It protects you from poison.
   SInv:      It lets you see invisible.
   Stlth:     It makes you less stealthy.
 t - a +6 ring of strength
 y - a ring of magical power (right hand)
 I - a ring of wizardry (left hand)
Wands
 H - a wand of roots (3)
 L - a wand of flame (9)
 M - a wand of quicksilver (5)
 U - a wand of polymorph (8)
Scrolls
 c - 2 scrolls of fog
 f - 3 scrolls of vulnerability
 n - 2 scrolls of teleportation
 o - 3 scrolls of poison
 p - 5 scrolls of fear
 x - 2 scrolls of enchant armour
 Q - 2 scrolls of identify
 T - 2 scrolls of brand weapon
 X - 3 scrolls of enchant weapon
Potions
 i - 4 potions of attraction
 l - 2 potions of ambrosia
 q - 4 potions of heal wounds
 s - a potion of flight
 u - 3 potions of magic
 v - 3 potions of brilliance
 E - 7 potions of curing
 K - 2 potions of haste
 P - 2 potions of lignification
 R - a potion of mutation
 S - 2 potions of berserk rage
 W - a potion of resistance


   Skills:
 - Level 14.0 Fighting
 - Level 5.0 Axes
 - Level 7.0 Armour
 - Level 3.0 Dodging
 - Level 2.1 Stealth
 - Level 5.0 Shields
 - Level 12.0 Spellcasting
 - Level 8.0 Conjurations
 - Level 0.7 Transmutations
 - Level 5.0 Fire Magic
 - Level 2.0 Air Magic
 - Level 9.0 Earth Magic
 + Level 8.9 Poison Magic


You had 16 spell levels left.
You knew the following spells:

 Your Spells              Type           Power      Damage    Failure   Level
a - Sandblast             Erth           80%        2d17      1%          1
b - Stone Arrow           Conj/Erth      78%        3d11      1%          3
c - Magic Dart            Conj           100%       1d8       1%          1
d - Passwall              Tmut/Erth      21%        N/A       1%          2
e - Foxfire               Conj/Fire      100%       2x1d9     1%          1
f - Poisonous Vapours     Pois/Air       56%        N/A       1%          2
g - Static Discharge      Conj/Air       54%        3-7/arc   1%          2
h - Fireball              Conj/Fire      16%        3d8       4%          5
i - Olgreb's Toxic Radia  Pois           40%        N/A       1%          4

Your spell library contained the following spells:

 Spells                   Type           Power      Damage    Failure   Level
 Sticky Flame             Conj/Fire      32%        2d5       1%          4
 Sting                    Tmut/Pois      100%       1d8       1%          1
 Searing Ray              Conj           74%        2d7       1%          2
 Iskenderun's Battlesphe  Conj           37%        2d9       2%          5
 Fulminant Prism          Conj/Hex       11%        3d9       4%          4
 Wereblood                Tmut           12%        N/A       9%          2
 Irradiate                Conj/Tmut      12%        3d15      10%         5
 Petrify                  Tmut/Erth      26%        N/A       11%         4
 Leda's Liquefaction      Hex/Erth       12%        N/A       12%         4
 Starburst                Conj/Fire      16%        6d6       21%         6
 Call Canine Familiar     Summ           10%        N/A       22%         3
 Portal Projectile        Hex/Tloc       20%        N/A       22%         3
 Conjure Ball Lightning   Conj/Air       13%        3x3d6     34%         6
 Orb of Destruction       Conj           18%        9d8       47%         7
 Cause Fear               Hex            5%         N/A       56%         4
 Metabolic Englaciation   Hex/Ice        5%         N/A       88%         5
 Dragon Form              Tmut           6%         N/A       100%        7
 Summon Hydra             Summ           5%         N/A       100%        7
 Ignition                 Fire           13%        3d6       100%        8
 Dragon's Call            Summ           5%         N/A       100%        9
 Sublimation of Blood     Necr           Unusable   N/A       N/A         2
 Statue Form              Tmut/Erth      Unusable   N/A       N/A         6

Dungeon Overview and Level Annotations

Branches:
Dungeon (11/15)            Temple (1/1) D:7            Lair (5/5) D:10
  Swamp (0/4) Lair:3        Snake (0/4) Lair:3        IceCv (visited)
Volcano (visited)
  Slime: Lair:4-5       Orc: D:9-12

Altars:
Ashenzari
Cheibriados
Dithmenos
Elyvilon
Fedhas
Gozag
Hepliaklqana
Kikubaaqudgha
Makhleb
Nemelex Xobeh
Okawaru
Qazlal
Ru
Sif Muna
Trog
Uskayaw
Vehumet
Wu Jian
Xom
Yredelemnul
Zin
The Shining One

Annotations:
D:2 exclusion: 2 downstairs
D:6 exclusion: downstairs
D:7 exclusion: downstairs
D:8 exclusion: downstairs
D:9 Erica
Lair:1 2 transporters, exclusion: downstairs
Lair:2 3 runed translucent doors, exclusions: 3 doors and downstairs, KleinerIrrer's ghost, journeyman DjSu
Lair:3 2 runed translucent doors, exclusion: oklob plant, Poittog's ghost, journeyman DrMo


Innate Abilities, Weirdness & Mutations

You are immune to sickness and miasma.
Your stone body is resilient. (AC +10)
You are immune to poison.
Your large and strong wings let you fly.
You resist negative energy. (rN+)
You are resistant to electric shocks. (rElec)
You are resistant to unholy torment.
You are immune to petrification.
[You are very clumsy. (Dex -4)]
[Armour fits poorly on your strangely shaped body.]
[Your body often deteriorates upon taking damage.]
[You are very dopey. (Int -4)]
[You are very weak. (Str -4)]
[You are very vulnerable to cold. (rC--)]
[You are very vulnerable to heat. (rF--)]
[You sometimes lose the ability to read scrolls when taking damage.]


Message History

You start resting.
An ancient zyme emerges from the beyond.
You start resting.
Magic restored.
You start resting.
A wretched star comes into view.
Press: ? - help, v - describe, . - travel
Here: a wretched star (wandering, hasn't noticed you)
The floor.
Unknown command.
Unknown command.
The wretched star glows turbulently.
The lance of force hits you!
* * * LOW HITPOINT WARNING * * *
Your body deteriorates!
You feel clumsy.
You are knocked back by the lance of force.
You slam into the rock wall!
The wretched star pulses with an eldritch light!
You occasionally lose the ability to read scrolls when taking damage.
You lose the ability to read scrolls when taking damage more often.
The wretched star pulses with an eldritch light!
You feel vulnerable to cold. x2
An efreet comes into view.
It is wielding a +1 scimitar of flaming.
The wretched star glows turbulently.
The lance of force reflects off an invisible shield around you!
The lance of force hits the wretched star!!
The wretched star is knocked back by the lance of force.
As you read the scroll of teleportation, it crumbles to dust.
You feel strangely unstable.
You feel the power of the Abyss delaying your translocation!
The wretched star glows turbulently.
The lance of force misses you.
The wretched star glows turbulently.
The lance of force hits you!!
You feel threatened and lose the ability to read scrolls!
* * * LOW HITPOINT WARNING * * *
Your body deteriorates!
You feel clumsy.
You are knocked back by the lance of force.
You slam into the rock wall!
You die...

##§.§# ... #.#.##.#
#.. . # #..#.#..#
.#####...##..... ##.
..... #....#.... .. .
.....###.##.#.#...# .
#..*.#
###*.##....#..#
.......# ###.##.#..#
..# ....#.# #..#..#.
#..#... ..
#.#.##.....##...#....
..# #...@.#..# #... #
# # . .#..###....#. .
# . # ..#..###
.....###. .. # . .
... ##. ..#.# .. # ..
# ...#..... # . # . #
x####.... # . #
##.§x§ .... .# # ..#
#


You could see a wretched star.

Vanquished Creatures
  An azure jelly (IceCv)
  2 quicksilver oozes (IceCv)
  4 hydras
  2 catoblepae
  2 two-headed ogres
  2 boulder beetles
  5 death yaks
  Urug (Lair:3)
  Pikel (D:7)
  A wizard (Volcano)
  2 lindwurms
  10 elephants
  5 black mambas
  A toenail golem (Volcano)
  An apocalypse crab (Abyss:3)
  An ice statue (IceCv)
  13 cane toads
  Maggie (D:7)
  A torpor snail (Lair:5)
  2 rime drakes
  2 kobold demonologists (D:8)
  11 komodo dragons
  A polar bear (Lair:4)
  A troll (D:10)
  A hornet (D:8)
  18 slime creatures (IceCv)
  15 blink frogs
  4 raiju (Abyss:3)
  4 dream sheep (Lair:5)
  A wraith (D:10)
  6 wyverns
  30 yaks
  2 basilisks
  3 swamp worms (Lair:3)
  3 acid dragons
  14 water moccasins
  2 orc warriors (D:8)
  A great orb of eyes simulacrum (IceCv)
  A black bear (Lair:1)
  A sky beast (D:7)
  35 wolves
  6 centaurs
  A lemure (D:7)
  A slime creature simulacrum (IceCv)
  5 kobold brigands
  11 bullfrogs
  2 scorpions
  2 necrophages
  2 gnoll sergeants
  5 glowing shapeshifter simulacra (IceCv)
  8 wights
  6 killer bees
  2 howler monkeys (D:9)
  An electric eel (D:10)
  3 jellies (D:5)
  3 orc priests
  6 hounds
  An iron imp (Abyss:3)
  3 iguanas
  7 orc wizards
  2 shapeshifter simulacra (IceCv)
  Robin (D:2)
  10 gnolls
  9 adders
  2 shadow imps
  13 white imps
  2 ufetubi
  5 worms
  4 dart slugs
  27 orcs
  5 ball pythons
  4 endoplasms
  5 giant cockroaches
  18 goblins
  10 hobgoblins
  4 jackals (D:1)
  24 kobolds
  3 quokkas
  3 bats
  A frilled lizard (D:1)
  3 rats
444 creatures vanquished.

Vanquished Creatures (others)
  A great orb of eyes simulacrum (IceCv)
  2 shapeshifter simulacra (IceCv)
  5 foxfires
  22 fungi
  29 plants
59 creatures vanquished.

Grand Total: 503 creatures vanquished

Notes
Turn   | Place    | Note
-------+----------+-------------------------------------------
     0 | D:1      | AarnesTheHuman the Gargoyle Earth Elementalist began the
                  | quest for the Orb.
     0 | D:1      | Reached XP level 1. HP: 10/10 MP: 3/3
   312 | D:1      | Reached XP level 2. HP: 15/15 MP: 3/5
   821 | D:1      | Reached skill level 1 in Axes
   821 | D:1      | Reached XP level 3. HP: 19/19 MP: 4/6
  1195 | D:2      | Learned a level 3 spell: Stone Arrow
  1381 | D:2      | Reached skill level 1 in Conjurations
  1438 | D:2      | Reached XP level 4. HP: 24/24 MP: 5/7
  1507 | D:2      | Found a snail-covered altar of Cheibriados.
  1533 | D:2      | Found a faded altar of an unknown god.
  1739 | D:2      | Noticed Robin
  1748 | D:2      | Killed Robin
  2185 | D:3      | Reached skill level 5 in Earth Magic
  2530 | D:3      | Reached XP level 5. HP: 15/28 MP: 8/8
  2860 | D:2      | Learned a level 1 spell: Magic Dart
  2863 | D:2      | Learned a level 2 spell: Passwall
  3438 | D:4      | Reached XP level 6. HP: 32/32 MP: 9/9
  4017 | D:4      | Found a shimmering blue altar of Sif Muna.
  4159 | D:5      | Entered Level 5 of the Dungeon
  4160 | D:5      | Upgraded the game from 0.30-a0-121-gb27577e5d9 to
                  | 0.30-a0-122-g2a1322497e
  4222 | D:5      | Reached XP level 7. HP: 37/37 MP: 11/11
  4361 | D:5      | Reached skill level 1 in Fighting
  4627 | D:5      | Reached skill level 2 in Fighting
  5183 | D:6      | Reached skill level 3 in Fighting
  5183 | D:6      | Reached skill level 5 in Conjurations
  5397 | D:6      | Reached XP level 8. HP: 44/46 MP: 9/13
  6128 | D:7      | Found a snail-covered altar of Cheibriados.
  6131 | D:7      | Reached skill level 4 in Fighting
  6283 | D:7      | Noticed Maggie
  6367 | D:7      | Noticed Pikel
  6375 | D:7      | Killed Pikel
  6376 | D:7      | Reached skill level 5 in Spellcasting
  6376 | D:7      | Reached skill level 7 in Fighting
  6376 | D:7      | Reached XP level 9. HP: 57/57 MP: 1/16
  7052 | D:7      | Found a broken altar of Ashenzari.
  7067 | D:7      | Found a staircase to the Ecumenical Temple.
  7077 | Temple   | Entered the Ecumenical Temple
  7344 | Temple   | Became a worshipper of Vehumet
  7404 | D:7      | Reached skill level 1 in Armour
  7776 | D:7      | Killed Maggie
  7777 | D:7      | Reached skill level 8 in Fighting
  7884 | D:8      | Noticed a two-headed ogre
  8230 | D:8      | Noticed a kobold demonologist
  8518 | D:8      | Noticed a kobold demonologist
  8526 | D:8      | Noticed a smoke demon
  8843 | D:8      | Noticed a sixfirhy
  8949 | D:8      | Killed a kobold demonologist
  8950 | D:8      | Reached skill level 9 in Fighting
  8950 | D:8      | Reached XP level 10. HP: 64/66 MP: 19/19
  9178 | D:8      | Noticed a smoke demon
  9179 | D:8      | Killed a kobold demonologist
  9848 | D:8      | Killed a two-headed ogre
  9848 | D:8      | Reached * piety under Vehumet
  9848 | D:8      | Offered knowledge of Foxfire by Vehumet.
  9849 | D:8      | Reached skill level 10 in Fighting
 10138 | D:8      | Learned a level 1 spell: Foxfire
 10832 | D:9      | Noticed Erica
 11409 | D:9      | Offered knowledge of Poisonous Vapours by Vehumet.
 11422 | D:9      | Reached ** piety under Vehumet
 11532 | D:9      | Learned a level 2 spell: Poisonous Vapours
 11565 | D:9      | Reached XP level 11. HP: 72/73 MP: 23/23
 11584 | D:9      | Reached skill level 1 in Poison Magic
 11658 | D:9      | Found a basalt altar of Yredelemnul.
 11986 | D:10     | Entered Level 10 of the Dungeon
 12003 | D:10     | Reached skill level 1 in Air Magic
 13266 | D:10     | Noticed a two-headed ogre
 13295 | D:10     | Killed a two-headed ogre
 13707 | D:10     | Found a blossoming altar of Fedhas.
 13709 | D:10     | Found a hazy altar of Hepliaklqana.
 13979 | D:10     | Reached skill level 1 in Shields
 14150 | D:10     | Found a staircase to the Lair.
 14792 | D:10     | Found a blossoming altar of Fedhas.
 14792 | D:10     | Found a hazy altar of Hepliaklqana.
 14814 | D:10     | Found a staircase to the Lair.
 15657 | D:11     | Noticed a cyclops
 15704 | D:10     | Found a hazy altar of Hepliaklqana.
 15706 | D:10     | Found a blossoming altar of Fedhas.
 15712 | D:10     | Found a staircase to the Lair.
 15767 | Lair:1   | Entered Level 1 of the Lair of Beasts
 15930 | Lair:1   | Reached skill level 5 in Shields
 16319 | Lair:1   | Found a transporter.
 16329 | Lair:1   | Noticed a catoblepas
 16351 | Lair:1   | Killed a catoblepas
 16352 | Lair:1   | Reached skill level 11 in Fighting
 16564 | Lair:1   | Found a transporter.
 16705 | Lair:1   | Noticed a boulder beetle
 16713 | Lair:1   | Killed a boulder beetle
 17519 | Lair:1   | Found a transporter.
 17664 | Lair:1   | Found a transporter.
 17904 | Lair:2   | Reached XP level 12. HP: 77/80 MP: 13/25
 18523 | Lair:2   | Noticed a catoblepas
 18535 | Lair:2   | Killed a catoblepas
 18538 | Lair:2   | Reached skill level 12 in Fighting
 18696 | Lair:2   | Found a runed translucent gate.
 18696 | Lair:2   | Found a runed translucent gate.
 18696 | Lair:2   | Found a runed translucent gate.
 18696 | Lair:2   | Noticed KleinerIrrer's ghost (journeyman DjSu)
 18820 | Lair:2   | Reached skill level 10 in Spellcasting
 19276 | Lair:2   | Noticed a boulder beetle
 19287 | Lair:2   | Killed a boulder beetle
 19413 | Lair:2   | Noticed an eight-headed hydra
 19419 | Lair:2   | Killed an eight-headed hydra
 20163 | Lair:2   | Found a runed translucent gate.
 20163 | Lair:2   | Found a runed translucent gate.
 20163 | Lair:2   | Found a runed translucent gate.
 20567 | Lair:3   | Found a frozen archway.
 20580 | IceCv    | Entered an ice cave
 20664 | IceCv    | Offered knowledge of Static Discharge by Vehumet.
 20669 | IceCv    | Noticed a quicksilver ooze
 20675 | IceCv    | Learned a level 2 spell: Static Discharge
 20679 | IceCv    | Killed a quicksilver ooze
 20694 | IceCv    | Noticed a quicksilver ooze
 20699 | IceCv    | Killed a quicksilver ooze
 20741 | IceCv    | Reached skill level 5 in Axes
 21048 | IceCv    | Reached skill level 13 in Fighting
 21739 | IceCv    | Reached XP level 13. HP: 87/88 MP: 19/27
 21894 | IceCv    | Reached *** piety under Vehumet
 22097 | IceCv    | Found a viscous altar of Jiyva.
 22097 | IceCv    | Noticed an azure jelly
 22108 | IceCv    | Learned a level 5 spell: Fireball
 22120 | IceCv    | Killed an azure jelly
 22121 | IceCv    | Reached skill level 1 in Fire Magic
 22152 | IceCv    | Reached skill level 14 in Fighting
 22446 | IceCv    | Got the ring "Xihirod" {rPois rC+ SInv Stlth-}
 22658 | Lair:2   | Learned a level 4 spell: Olgreb's Toxic Radiance
 22926 | Lair:3   | Noticed Urug
 22943 | Lair:3   | Killed Urug
 23024 | Lair:3   | Offered knowledge of Dazzling Flash by Vehumet.
 23025 | Lair:3   | Reached skill level 5 in Poison Magic
 23059 | Lair:3   | Found a large runed translucent door.
 23060 | Lair:3   | Found a large runed translucent door.
 23600 | Lair:3   | Reached skill level 5 in Fire Magic
 23780 | Lair:3   | Found a staircase to the Snake Pit.
 24429 | Lair:3   | Noticed Poittog's ghost (journeyman DrMo)
 24622 | Lair:3   | Reached **** piety under Vehumet
 24749 | Lair:3   | Found a staircase to the Swamp.
 25185 | Lair:4   | Reached skill level 5 in Armour
 25282 | Lair:4   | Gained mutation: Your large and strong wings let you fly.
                  | [Gargoyle growth]
 25282 | Lair:4   | Reached XP level 14. HP: 84/96 MP: 5/29
 25704 | Lair:4   | Offered knowledge of Freezing Cloud by Vehumet.
 26594 | Lair:5   | Entered Level 5 of the Lair of Beasts
 26630 | Lair:5   | Reached ***** piety under Vehumet
 26664 | Lair:5   | Offered knowledge of Sticky Flame by Vehumet.
 26678 | Lair:5   | Found a dark tunnel.
 26694 | Volcano  | Entered a volcano
 26740 | Abyss:3  | Cast into level 3 of the Abyss (a wizard)
 26848 | Abyss:3  | Found a corrupted altar of Lugonu.
 26909 | Abyss:3  | Noticed a daeva
 27004 | Abyss:3  | Found a corrupted altar of Lugonu.
 27083 | Abyss:3  | Collided with a rock wall

Illustrated notes

Levels and vault maps discovered:
D:1:      psy_arrival_dodecagon, layout_rooms, minmay_unequal
D:2:      layout_basic, basic_altar, hellmonk_ecumenical_altar_lost_god,
          uniq_robin
D:3:      layout_rooms
D:4:      layout_basic, led_sif_pool
D:5:      layout_rooms, serial_bayou_lagoon_b
D:6:      layout_cave_pods, solitary_fountain
D:7:      nicolae_cairo_tiling_large, layout_rooms, kennysheep_slug_shrine,
          lemuel_crystal_altar, minmay_temple_entry_glassed_door, uniq_pikel,
          uniq_maggie
D:8:      layout_basic, kennysheep_cross_bottleneck, st_stairs_11, nicolae_wwwww
D:9:      layout_grid_maze, general_overflow_altar, minmay_curled_crystal,
          st_stairs_14, uniq_erica
D:10:     layout_basic, jmf_multi_god_temple, lair_entry_dummy
D:11:     layout_rooms, david_orc_4, evilmike_ruin_ashenzari, uniq_maurice
Temple:   compressed_dpeg_triangle_lava_temple
Lair:1:   gammafunk_cloud_chamber, layout_chaotic_city
Lair:2:   layout_concentric_octagons, ebering_ghost_rock_garden
Lair:3:   dpeg_oklob_gauntlet, layout_gridlike, palyth_hydra_swamp_entry,
          minmay_snake_entry_six_corridors, portal_ice_cave_entry_imps,
          ebering_ghost_disaster_area, uniq_urug
Lair:4:   layout_regular_city, grunt_megastairs_2
Lair:5:   grunt_lair_end_beastmaster, layout_concentric_octagons, slime_entry_1,
          nicolae_volcano_entry_hallway, grunt_forest_large_clearings
Abyss:3:  base: Lair:3, evilmike_abyss_exit_2,
          evilmike_nicolae_abyss_rune_betentacled_crabyss
Volcano:  volcano_bunker

Skill      XL: |  1  2  3  4  5  6  7  8  9 10 11 12 13 14 |
---------------+-------------------------------------------+-----
Earth Magic    | 4 5 6 7 9 |  9.0
Axes           | 1 3 5 |  5.0
Conjurations   | 1 2 3 4 5 6 8 |  8.0
Fighting       | 3 7 9 10 11 13 14 | 14.0
Spellcasting   | 3 5 6 8 9 10 11 12 | 12.0
Armour         | 4 5 7 |  7.0
Dodging        | 3 |  3.0
Poison Magic   | 4 6 8 |  8.9
Air Magic      | 2 |  2.0
Shields        | 5 |  5.0
Fire Magic     | 5 |  5.0
Stealth        | |  2.1
Transmutations | |  0.7

Action                   |  1- 3 |  4- 6 |  7- 9 | 10-12 | 13-15 || total
-------------------------+-------+-------+-------+-------+-------++-------
Melee: Hand axe          |     9 |    90 |    14 |    26 |    11 ||   150
       Dagger            |       |       |   108 |    78 |    10 ||   196
       Punch             |       |       |     1 |     1 |       ||     2
       Staff             |       |       |       |       |     1 ||     1
Throw: Stone             |       |     1 |       |       |       ||     1
 Cast: Sandblast         |    36 |    61 |    20 |       |       ||   117
       Stone Arrow       |       |     1 |    64 |   274 |   169 ||   508
       Magic Dart        |       |    25 |   107 |   171 |    65 ||   368
       Foxfire           |       |       |       |     4 |       ||     4
       Poisonous Vapours |       |       |       |   107 |    57 ||   164
       Passwall          |       |       |       |     1 |       ||     1
       Static Discharge  |       |       |       |    12 |    83 ||    95
       Olgreb's Toxic Ra |       |       |       |       |    32 ||    32
       Fireball          |       |       |       |       |     6 ||     6
Evoke: Wand              |       |       |     1 |     4 |       ||     5
  Use: Scroll            |       |    13 |     3 |    11 |     7 ||    34
       Potion            |       |       |     1 |     1 |     4 ||     6
Armor: Robe              |     9 |    53 |    72 |   139 |    77 ||   350
Dodge: Dodged            |     7 |    85 |    54 |    93 |    40 ||   279
Block: Other             |       |       |    27 |    13 |       ||    40
       Reflection        |       |       |     5 |     4 |     3 ||    12
       Kite shield       |       |       |       |   124 |   111 ||   235

Table legend: (Time is in decaauts)
 A = Elapsed time spent in this place.
 B = Non-inter-level travel time spent in this place.
 C = Inter-level travel time spent in this place.
 D = Time resting spent in this place.
 E = Time spent auto-exploring this place.
 F = Levels seen in this place.
 G = Mean time per level.
                   A        B        C        D        E       F      G
               +--------+--------+--------+--------+--------+-----+--------+
         Total |  27187 |  26328 |    859 |   8936 |  11170 |  20 | 1359.3 |
       Dungeon |  15571 |  14877 |    694 |   4990 |   6464 |  11 | 1415.5 |
        Temple |    273 |    249 |     24 |      0 |    240 |   1 |  273.0 |
          Lair |   8999 |   8858 |    141 |   2533 |   4466 |   5 | 1799.8 |
         Abyss |    350 |    350 |      0 |    139 |      0 |   1 |  350.0 |
      Ice Cave |   1945 |   1945 |      0 |   1250 |      0 |   1 | 1945.0 |
       Volcano |     45 |     45 |      0 |     24 |      0 |   1 |   45.0 |
               +--------+--------+--------+--------+--------+-----+--------+

Top non-repeatable levels by time:
    D:10: 3039 daAuts
  Lair:2: 2625 daAuts
  Lair:1: 2421 daAuts
  Lair:3: 2414 daAuts
     D:8: 2143 daAuts
     D:9: 1957 daAuts
   IceCv: 1945 daAuts
     D:7: 1880 daAuts
     D:2: 1591 daAuts
     D:6: 1590 daAuts
  Lair:4: 1437 daAuts
     D:1: 1110 daAuts
     D:4: 792 daAuts
     D:3: 741 daAuts
     D:5: 628 daAuts
